 Dungeon Crawl Stone Soup version 0.26-a0-757-g626ac9e51a (webtiles) character file.

Game seed: 4469353581424683449

75 miscthings the Chopper (level 4, 0/40 HPs)
             Began as a Palentonga Delver on Nov 8, 2020.
             Slain by a bullfrog zombie (2 damage)
             ... on level 5 of the Dungeon.
             The game lasted 00:00:19 (59 turns).

miscthings the Chopper (Palentonga Delver)            Turns: 59, Time: 00:00:20

Health: 0/40       AC:  8    Str: 16    XL:     4   Next: 11%
Magic:  4/4        EV:  4    Int: 11    God:
Gold:   0          SH:  0    Dex: 11    Spells: 3/3 levels left

rFire    + . .     SeeInvis +   a - +0 hand axe
rCold    . . .     Faith    .   (no shield)
rNeg     . . .     Spirit   .   i - +1 chain mail {rF+}
rPois    .         Reflect  .   (no helmet)
rElec    .         Harm     .   (no cloak)
rCorr    .         Rampage  .   (no gloves)
MR       .....                  (no barding)
Stlth    ..........             (no amulet)
HPRegen  0.13/turn              (no ring)
MPRegen  0.09/turn              (no ring)

@: no status effects
A: large, rugged brown scales 3, see invisible, deformed body, roll, armoured
tail
a: Rolling Charge


You were on level 5 of the Dungeon.
You visited 1 branch of the dungeon, and saw 1 of its levels.

Inventory:

Hand Weapons
 a - a +0 hand axe (weapon)
Armour
 i - a +1 chain mail of fire resistance (worn)
Wands
 g - a wand of digging (3)
Scrolls
 c - a scroll of fog
 d - a scroll of magic mapping
 e - a scroll of fear
 h - a scroll of identify {unknown}
Potions
 f - a potion of haste


   Skills:
 - Level 3.0 Fighting
 + Level 4.4 Axes
 - Level 1.5 Dodging
 - Level 3.3 Stealth


You had 3 spell levels left.
You didn't know any spells.
Your spell library was empty.

Dungeon Overview and Level Annotations

Branches:
Dungeon (5/15)
 Temple: D:4-7

Altars:


Innate Abilities, Weirdness & Mutations

You are completely covered in rugged brown scales. (AC +3, +7% HP)
You have supernaturally acute eyesight. (SInv)
Armour fits poorly on your strangely shaped body.
You can roll at foes to attack.
You have a long armoured tail.


Message History

The jackal bites you but does no damage.
The bullfrog zombie hits you but does no damage.
The jackal barely misses you.
You barely miss the bullfrog zombie.
The bullfrog zombie is heavily damaged.
You closely miss the jackal. The bullfrog zombie hits you.
* * * LOW HITPOINT WARNING * * *
The jackal barely misses you. The bullfrog zombie hits you.
* * * LOW HITPOINT WARNING * * *
You hit the bullfrog zombie.
The bullfrog zombie is severely damaged.
You hit the jackal. The jackal bites you.
* * * LOW HITPOINT WARNING * * *
The bullfrog zombie hits you.
* * * LOW HITPOINT WARNING * * *
The jackal bites you but does no damage.
You slash the bullfrog zombie!
The bullfrog zombie is almost destroyed.
You closely miss the jackal. The bullfrog zombie hits you.
You die...

...#. ... .... #..#
#... ...# #.). #..#
####... #..# #......
#..# #...##..####.h
#..†@h....$...
###..Z##.##########
#...........[.......
####........#####...
####...##.###
#......##.#
##....##.###.##
#####..............
...................


You could see a bullfrog zombie and a jackal.

Vanquished Creatures
  A howler monkey (D:5)
  A hound (D:5)
  3 jackals (D:5)
5 creatures vanquished.

Notes
Turn   | Place    | Note
-------+----------+-------------------------------------------
     0 | D:5      | miscthings the Palentonga Delver began the quest for the
                  | Orb.
     0 | D:5      | Reached XP level 1. HP: 20/20 MP: 1/1
    23 | D:5      | Noticed a howler monkey
    30 | D:5      | Noticed a hound
    42 | D:5      | Killed a howler monkey
    42 | D:5      | Reached skill level 3 in Axes
    42 | D:5      | Reached XP level 2. HP: 17/27 MP: 2/2
    42 | D:5      | Reached XP level 3. HP: 20/33 MP: 3/3
    53 | D:5      | Reached skill level 4 in Axes
    53 | D:5      | Reached XP level 4. HP: 9/40 MP: 4/4
    58 | D:5      | HP: 2/40 [bullfrog zombie (1)]
    59 | D:5      | Slain by a bullfrog zombie

Illustrated notes

Levels and vault maps discovered:
D:5:      layout_basic, lightli_ossuary_entry_decrepit_ruins,
          gammafunk_ghost_smash, uniq_crazy_yiuf_cottage, uniq_edmund

Skill      XL: |  1  2  3 |
---------------+----------+-----
Axes           | 3 4 |  4.4
Fighting       | |  3.0
Dodging        | |  1.5
Stealth        | |  3.3

Action                   |  1- 3 |  4- 6 || total
-------------------------+-------+-------++-------
Melee: Hand axe          |    22 |     6 ||    28
       Tailslap          |     2 |     1 ||     3
Armor: Chain mail        |    37 |    10 ||    47
Dodge: Dodged            |     9 |     3 ||    12

Table legend: (Time is in decaauts)
 A = Elapsed time spent in this place.
 B = Non-inter-level travel time spent in this place.
 C = Inter-level travel time spent in this place.
 D = Time resting spent in this place.
 E = Time spent auto-exploring this place.
 F = Levels seen in this place.
 G = Mean time per level.
                   A        B        C        D        E       F      G
               +--------+--------+--------+--------+--------+-----+--------+
         Total |     62 |     62 |      0 |      0 |     10 |   1 |   62.0 |
       Dungeon |     62 |     62 |      0 |      0 |     10 |   1 |   62.0 |
               +--------+--------+--------+--------+--------+-----+--------+

Top non-repeatable levels by time:
     D:5: 62 daAuts
